 Dungeon Crawl Stone Soup version 0.30.1-4-g462c640d31 (webtiles) character file.

Game seed: 13080348405931112250

101 Peloso the Covered (level 5, -2/27 HPs)
             Began as a Meteoran Fighter on Aug 22, 2023.
             Succumbed to Robin's poison
             ... on level 2 of the Dungeon.
             The game lasted 00:04:38 (1515 turns).

Peloso the Covered (Meteoran Fighter)               Turns: 1515, Time: 00:04:38

Health: -2/27      AC:  9    Str: 20    XL:     5   Next: 26%
Magic:  6/6        EV:  9    Int:  9    God:
Gold:   126        SH:  5    Dex: 13    Spells: 4/4 levels left

rFire   . . .        a - +0 long sword
rCold   . . .        c - +0 buckler
rNeg    . . .        g - +2 scale mail {Will+}
rPois   .            (no helmet)
rElec   .            (no cloak)
rCorr   .            (no gloves)
SInv    .            (no boots)
Will    +....        (no amulet) Stlth
                     f - ring of flight
HPRegen 0.24/turn    (no ring)
MPRegen 0.10/turn

%: no passive effects
@: lethally poisoned (-2 -> -27), flying, glowing, bezotted
A: sense surroundings 1, otherworldly, glowing, explore regen
a: no special abilities


You were on level 2 of the Dungeon.
You visited 1 branch of the dungeon, and saw 2 of its levels.

You collected 126 gold pieces.

Inventory:

Hand Weapons
 a - a +0 long sword (weapon)
Armour
 b - a +0 scale mail
 c - a +0 buckler (worn)
 g - a +2 scale mail of willpower (worn)
Jewellery
 f - a ring of flight (left hand)
Wands
 s - a wand of flame (12)
Scrolls
 e - 2 scrolls of fear {unknown}
 l - 3 scrolls of amnesia {unknown}
 m - a scroll of identify {unknown}
 o - a scroll of magic mapping {unknown}
 q - 3 scrolls of butterflies {unknown}
 r - 2 scrolls of teleportation {unknown}
Potions
 d - 2 potions of might
 h - 5 potions of curing {unknown}
 i - 2 potions of magic {unknown}
 j - 2 potions of brilliance {unknown}
 k - a potion of invisibility {unknown}
 n - 2 potions of flight {unknown}
 p - a potion of mutation {unknown}


   Skills:
 + Level 3.6 Fighting
 + Level 4.3 Long Blades
 + Level 4.3 Armour
 + Level 0.8 Dodging
 + Level 4.1 Shields


You had 4 spell levels left.
You didn't know any spells.
Your spell library was empty.

Dungeon Overview and Level Annotations

Branches:
Dungeon (2/15) Zot: 41

Altars:

Annotations:
D:2 1 runed translucent door, Crazy Yiuf, Robin


Innate Abilities, Weirdness & Mutations

You passively map a small area around you.
You are easily found by Zot.
You glow in the dark.
You regain HP and MP as you explore.


Message History

You slash the hobgoblin!
You kill the hobgoblin!
Things that are here:
a +0 club; a goblin corpse
Things that are here:
a +0 club; a goblin corpse
Items here: )))))) †††.
Things that are here:
a +0 club; a goblin corpse
Items here: )))))) †††.
Okay, then.
Zot draws nearer.
Dive deeper or flee this branch before you suffer!
Things that are here:
a +0 club; a goblin corpse The endoplasm quivers.
Robin of the Strong Arm comes into view.
They are wielding a +4 trident of venom.
There is an open door here.
The endoplasm hits you but does no damage.
There are monsters nearby!
There are monsters nearby!
You hit the endoplasm.
The endoplasm is heavily wounded.
Robin completely misses you.
The endoplasm hits you but does no damage.
Unknown command.
You completely miss the endoplasm.
The endoplasm is heavily wounded.
Robin hits you from afar with a +4 trident of venom.
You are poisoned.
A hobgoblin comes into view.
You block the endoplasm's attack.
Robin hits you from afar with a +4 trident of venom!
* * * LOW HITPOINT WARNING * * *
You are lethally poisoned!
The endoplasm freezes you.
You are frozen.
* * * LOW HITPOINT WARNING * * *
You hit the endoplasm.
You kill the endoplasm!
You die...

#.# ...≈§§.≈≈≈...,
#.#,,g.......§...
#######.#,
,.≈≈≈.≈≈≈... *
........#,
,..≈.§...,
........##***#g≈§≈§#
.........# #..§§.#
###.....## #.§g..#
###....## #.....#
.......# #..@..#
)†.....# ###'###
.....### #..# ##...#
########.##
.....###...))...#
.......#.########
.........#
##..##...# #######.#


You could see Robin and a hobgoblin.

Vanquished Creatures
  4 adders (D:2)
  A dart slug (D:1)
  5 bats
  4 endoplasms
  3 giant cockroaches
  10 goblins
  4 hobgoblins
  5 jackals
  5 kobolds
  4 quokkas (D:2)
  4 ball pythons
  2 frilled lizards
  4 rats (D:1)
55 creatures vanquished.

Notes
Turn   | Place    | Note
-------+----------+-------------------------------------------
     0 | D:1      | Peloso the Meteoran Fighter began the quest for the Orb.
     0 | D:1      | Reached XP level 1. HP: 19/19 MP: 2/2
   234 | D:1      | Reached XP level 2. HP: 26/26 MP: 3/3
   479 | D:1      | Reached XP level 3. HP: 31/31 MP: 4/4
   488 | D:1      | Glimpsed the power of Zot.
   537 | D:1      | Glimpsed the power of Zot.
   942 | D:2      | Reached XP level 4. HP: 36/38 MP: 5/5
  1070 | D:2      | Glimpsed the power of Zot.
  1118 | D:2      | Glimpsed the power of Zot.
  1156 | D:2      | Found a runed translucent door.
  1158 | D:2      | Noticed Crazy Yiuf
  1158 | D:2      | Glimpsed the power of Zot.
  1168 | D:2      | Touched by the power of Zot.
  1265 | D:2      | Glimpsed the power of Zot.
  1313 | D:2      | Glimpsed the power of Zot.
  1353 | D:2      | Glimpsed the power of Zot.
  1363 | D:2      | Touched by the power of Zot.
  1464 | D:2      | Glimpsed the power of Zot.
  1470 | D:2      | Reached XP level 5. HP: 20/27 MP: 6/6
  1506 | D:2      | Glimpsed the power of Zot.
  1511 | D:2      | Noticed Robin
  1515 | D:2      | Succumbed to Robin's poison

Illustrated notes

Levels and vault maps discovered:
D:1:      co_arrival_random_square_maze, layout_loops_ring
D:2:      layout_basic, grunt_ministairs_6, chequers_jeans,
          kennysheep_minor_cross, uniq_robin, uniq_crazy_yiuf_cottage

Skill      XL: |  1  2  3  4 |
---------------+-------------+-----
Shields        | 4 |  4.1
Long Blades    | 3 4 |  4.3
Armour         | 4 |  4.3
Fighting       | |  3.6
Dodging        | |  0.8

Action                     |  1- 3 |  4- 6 || total
---------------------------+-------+-------++-------
  Melee: Long sword        |    97 |    77 ||   174
 Armour: Scale mail        |    72 |    53 ||   125
  Dodge: Dodged            |    40 |    33 ||    73
  Block: Buckler           |    14 |    22 ||    36
